 Dungeon Crawl Stone Soup version 0.30-a0-331-g8ab09dc110 (webtiles) character file.

Game seed: 5025511625896224057

753 bande the Cleaver (level 7, -3/61 HPs)
             Began as a Hill Orc Fighter on Oct 30, 2022.
             Succumbed to a water moccasin's poison
             ... on level 5 of the Dungeon.
             The game lasted 00:06:48 (3704 turns).

bande the Cleaver (Hill Orc Fighter)                Turns: 3704, Time: 00:06:49

Health: -3/61      AC:  8    Str: 25    XL:     7   Next: 78%
Magic:  7/7        EV: 13    Int:  8    God:
Gold:   165        SH:  5    Dex: 12    Spells: 6/6 levels left

rFire   . . .      SeeInvis .    a - +0 war axe (venom)
rCold   . . .      Faith    .    c - +0 buckler
rNeg    . . .      Spirit   .    b - +0 scale mail
rPois   .          Reflect  .    o - +0 helmet
rElec   .          Harm     .    (no cloak)
rCorr   .          Rampage  .    (no gloves)
Will    .....                    (no boots)
Stlth   ..........               e - amulet of regeneration
HPRegen 1.10/turn                g - +6 ring of strength
MPRegen 0.10/turn                n - +4 ring of evasion

@: lethally poisoned (-3 -> -16), hasted, very quick
A: no striking features
a: no special abilities


You were on level 5 of the Dungeon.
You visited 1 branch of the dungeon, and saw 5 of its levels.

You collected 165 gold pieces.

Inventory:

Hand Weapons
 a - a +0 war axe of venom (weapon)
Armour
 b - a +0 scale mail (worn)
 c - a +0 buckler (worn)
 o - a +0 helmet (worn)
Jewellery
 e - an amulet of regeneration (around neck)
 g - a +6 ring of strength (left hand)
 n - a +4 ring of evasion (right hand)
 q - a ring of protection from fire
Wands
 p - a wand of polymorph (6)
Scrolls
 f - 2 scrolls of fear
 r - a scroll of brand weapon
 s - a scroll of teleportation
Potions
 d - a potion of might
 i - a potion of attraction
 j - a potion of degeneration {unknown}
 k - a potion of mutation {unknown}
 m - a potion of invisibility {unknown}
 t - a potion of flight {unknown}


   Skills:
 + Level 5.2 Fighting
 + Level 8.4 Axes
 + Level 5.0 Armour
 + Level 4.2 Shields
 * Level 1.8 Evocations


You had 6 spell levels left.
You didn't know any spells.
Your spell library contained the following spells:

 Spells                   Type           Power      Damage    Failure   Level
 Beastly Appendage        Tmut           0%         N/A       77%         1
 Wereblood                Tmut           0%         N/A       88%         2
 Call Canine Familiar     Summ           0%         N/A       98%         3
 Ignite Poison            Fire/Tmut/Pois 0%         N/A       98%         3
 Kindle Blastsparks       Fire/Tloc/Air  0%         2d10      98%         3
 Ozocubu's Armour         Ice            0%         N/A       98%         3
 Portal Projectile        Hex/Tloc       0%         N/A       98%         3
 Spider Form              Tmut/Pois      0%         N/A       98%         3
 Leda's Liquefaction      Hex/Erth       0%         N/A       100%        4
 Freezing Cloud           Conj/Ice/Air   0%         6-21      100%        5
 Ozocubu's Refrigeration  Ice            0%         4d7       100%        7


Dungeon Overview and Level Annotations

Branches:
Dungeon (5/15)             Temple (0/1) D:4

Altars:
Ashenzari
Elyvilon
Kikubaaqudgha

Shops:
D:3 :

Portals:
Ossuary: D:5


Message History

You kill the gnoll bouda!
You barely miss the gnoll. You closely miss the water moccasin.
You hit the gnoll.
The gnoll is poisoned.
You closely miss the scorpion.
You feel sick. The water moccasin closely misses you.
The scorpion barely misses you. The gnoll closely misses you.
The gnoll barely misses you. The gnoll hits you but does no damage.
The water moccasin bites you but does no damage.
You feel better.
The scorpion stings you but does no damage.
The gnoll barely misses you. The gnoll closely misses you.
The water moccasin bites you.
You are poisoned.
The water moccasin poisons you! The gnoll hits you but does no damage.
The scorpion closely misses you. The scorpion attacks as you move away!
The scorpion stings you but does no damage.
The gnoll attacks as you move away! The gnoll closely misses you.
You feel very sick. The iguana bites you.
* * * LOW HITPOINT WARNING * * *
The gnoll attacks as you move away! The gnoll closely misses you.
The water moccasin attacks as you move away!
You block the water moccasin's attack.
Found a sand-covered staircase.
You feel very sick.
You kill the gnoll!
The gnoll hits you with a +0 flail.
* * * LOW HITPOINT WARNING * * *
The water moccasin bites you.
* * * LOW HITPOINT WARNING * * *
The iguana attacks as you move away!
The iguana bites you but does no damage.
You feel sick.
You kill the gnoll!
The water moccasin bites you.
* * * LOW HITPOINT WARNING * * *
You are more poisoned.
The water moccasin poisons you!
Your Armour skill increases to level 5!
It was a potion of haste.
You feel yourself speed up.
You die...

..... #..∩ #... .##..#
#... ....# ..## #...#
#..## ##...# #### #...#
#$.>.# #... #@..# #....#
#...
###lSs###....####...
#..Wg.$..........[..
..>..#.)...###...###...
#..#.##..)).#..........#
.. #........#.......†..#
...##.............†..#
## ..................#
.<......#....[.....#


You could see a water moccasin (very poisoned), a phantom, a scorpion, an iguana
and a gnoll (swift, poisoned).

Vanquished Creatures
  A black bear (D:3)
  2 necrophages (D:4)
  3 killer bees (D:4)
  A howler monkey (D:5)
  A hound (D:4)
  A gnoll bouda (D:5)
  3 iguanas
  Robin (D:4)
  7 gnolls
  5 adders
  2 worms (D:2)
  3 dart slugs (D:4)
  6 orcs
  6 endoplasms
  4 giant cockroaches
  10 goblins
  15 hobgoblins
  3 jackals (D:2)
  5 kobolds
  4 quokkas
  7 ball pythons
  5 bats
  9 frilled lizards
  8 rats
112 creatures vanquished.

Vanquished Creatures (others)
  20 fungi (D:5)
  10 plants (D:4)
30 creatures vanquished.

Grand Total: 142 creatures vanquished

Notes
Turn   | Place    | Note
-------+----------+-------------------------------------------
     0 | D:1      | bande the Hill Orc Fighter began the quest for the Orb.
     0 | D:1      | Reached XP level 1. HP: 19/19 MP: 1/1
   123 | D:1      | Reached XP level 2. HP: 23/27 MP: 2/2
   207 | D:1      | Reached skill level 3 in Axes
   901 | D:2      | Reached XP level 3. HP: 33/33 MP: 3/3
  1317 | D:2      | Reached skill level 4 in Axes
  1611 | D:2      | Reached XP level 4. HP: 40/40 MP: 4/4
  1862 | D:3      | Found a broken altar of Ashenzari.
  2033 | D:3      | Noticed a black bear
  2037 | D:3      | Killed a black bear
  2038 | D:3      | Reached skill level 5 in Axes
  2038 | D:3      | Reached XP level 5. HP: 47/47 MP: 5/5
  2148 | D:3      | Found Maujila's Book Shop.
  2724 | D:4      | Found an ancient bone altar of Kikubaaqudgha.
  2773 | D:4      | Reached skill level 6 in Axes
  2849 | D:4      | Found a white marble altar of Elyvilon.
  2859 | D:4      | Reached XP level 6. HP: 53/53 MP: 6/6
  2895 | D:4      | Noticed Robin
  2920 | D:4      | Killed Robin
  2921 | D:4      | Reached skill level 7 in Axes
  3024 | D:4      | Reached XP level 7. HP: 54/60 MP: 7/7
  3028 | D:4      | Reached skill level 5 in Fighting
  3034 | D:4      | Reached skill level 1 in Evocations
  3469 | D:4      | Found a staircase to the Ecumenical Temple.
  3557 | D:4      | Reached skill level 8 in Axes
  3644 | D:5      | Entered Level 5 of the Dungeon
  3702 | D:5      | Found a sand-covered staircase.
  3703 | D:5      | HP: 1/61 [water moccasin (4)]
  3704 | D:5      | Reached skill level 5 in Armour
  3704 | D:5      | Succumbed to a water moccasin's poison

Illustrated notes

Levels and vault maps discovered:
D:1:      erik_arrival_orb_chamber, layout_basic
D:2:      cheibrodos_helix_gallery, layout_loops_corners
D:3:      layout_basic, mainiacjoe_overflow_boulevard, serial_shops,
          shop_statue, minmay_misc_feat_room, minmay_statues_item
D:4:      layout_basic, mainiacjoe_overflow_24_doors, lemuel_crystal_altar,
          minmay_temple_entry_butterflies, minmay_lizard_king, uniq_robin
D:5:      layout_rooms, serial_aquarium, aquarium_bridge_square
          [aquarium_subvault_wall, aquarium_subvault_wall,
          aquarium_subvault_window, aquarium_subvault_bridge],
          aquarium_bridge_long_separate [aquarium_subvault_bridge,
          aquarium_subvault_wall, aquarium_subvault_wall,
          aquarium_subvault_wall, aquarium_subvault_bridge,
          aquarium_subvault_wall], aquarium_window_fake, aquarium_window_2,
          aquarium_window_corridor_3, aquarium_window_fake, aquarium_view_2a,
          aquarium_view_2b, aquarium_pool_1, enter_ossuary_1, minivault_5,
          supply_closet_lemuel

Skill      XL: |  1  2  3  4  5  6  7 |
---------------+----------------------+-----
Axes           | 3 4 5 6 7 8 |  8.4
Fighting       | 4 5 |  5.2
Armour         | 4 5 |  5.0
Shields        | 4 |  4.2
Evocations     | 1 |  1.8

Action                   |  1- 3 |  4- 6 |  7- 9 || total
-------------------------+-------+-------+-------++-------
Melee: War axe           |   101 |    95 |    52 ||   248
  Use: Scroll            |     5 |     4 |       ||     9
       Potion            |       |       |     2 ||     2
Armor: Scale mail        |    44 |    33 |    25 ||   102
Dodge: Dodged            |    48 |    72 |    40 ||   160
Block: Buckler           |    22 |    25 |    18 ||    65

Table legend: (Time is in decaauts)
 A = Elapsed time spent in this place.
 B = Non-inter-level travel time spent in this place.
 C = Inter-level travel time spent in this place.
 D = Time resting spent in this place.
 E = Time spent auto-exploring this place.
 F = Levels seen in this place.
 G = Mean time per level.
                   A        B        C        D        E       F      G
               +--------+--------+--------+--------+--------+-----+--------+
         Total |   3774 |   3665 |    109 |    263 |   2597 |   5 |  754.8 |
       Dungeon |   3774 |   3665 |    109 |    263 |   2597 |   5 |  754.8 |
               +--------+--------+--------+--------+--------+-----+--------+

Top non-repeatable levels by time:
     D:2: 1092 daAuts
     D:4: 956 daAuts
     D:3: 874 daAuts
     D:1: 789 daAuts
     D:5: 61 daAuts
